Map: Taito Citadel LE

Players

HolyHit

  • Race: Protoss Protoss
  • League: Master
  • Spawn Location: 11:00

A.I. 1 (Very Easy) - Winner!

  • Race: Zerg Zerg
  • Spawn Location: 5:00

VOD

Have the link to the VOD?

Description

Showing how to play Stargate into Glaives in PvZ.

Time

  • Played on: Jan. 12, 2026, 12:36 p.m.
  • Length: 7:32
Show
View Real Time Build Order
Export as new Build Order

HolyHit Protoss 

Build Orders: 1 Gate Expand, Oracle Opening 

Get SALT Encoding   

  12  0:00  Probe  
  13  0:12  Probe  
  14  0:17  Pylon  
  14  0:24  Probe  
  15  0:32  Probe  
  15  0:38  Gateway  
  15  0:40  Probe  
  16  0:46  Assimilator  
  17  0:51  Probe  
  18  1:03  Probe  
  19  1:15  Probe  
  20  1:22  Nexus  
  20  1:33  Cybernetics Core  
  20  1:35  Probe  
  21  1:40  Assimilator  
  22  1:47  Probe  
  22  1:49  Pylon  
  22  1:59  Probe, Adept  
  23  2:11  Probe  
  26  2:19  Stargate  
  26  2:20  Adept  
  26  2:23  Probe  
  29  2:31  Probe  
  29  2:35  Probe  
  29  2:36  Warp Gate  
  31  2:39  Probe  
  32  2:46  Stalker  
  32  2:47  Probe  
  32  2:48  Probe  
  36  2:59  Probe  
  36  3:01  Probe  
  38  3:09  Oracle  
  38  3:11  Probe  
  42  3:13  Probe  
  42  3:16  Pylon  
  43  3:20  Gateway  
  43  3:23  Probe  
  44  3:28  Twilight Council  
  44  3:30  Probe  
  45  3:36  Probe, Resonating Glaives  
  46  3:42  Probe  
  46  3:48  Probe, Gateway  
  48  3:51  Gateway  
  48  3:52  Pylon  
  48  3:54  Probe  
  49  4:09  Nexus  
  49  4:13  Probe x2  
  51  4:22  Assimilator  
  51  4:25  Adept x2, Assimilator  
  51  4:26  Probe  
  51  4:28  Probe  
  57  4:32  Pylon  
  57  4:38  Pylon  
  57  4:43  Probe  
  58  4:45  Adept  
  58  4:46  Adept  
  58  4:51  Adept  
  58  4:52  Adept  
  66  4:53  Probe  
  66  4:55  Probe  
  66  4:58  Pylon  
  68  5:07  Adept x2  
  68  5:10  Probe x2  
  68  5:12  Adept  
  68  5:13  Adept  
  78  5:22  Probe x2, Blink  
  78  5:23  Probe, Robotics Facility  
  78  5:28  Forge  
  81  5:34  Probe  
  82  5:35  Probe  
  82  5:36  Probe  
  84  5:44  Adept x2  
  84  5:48  Adept  
  84  5:49  Adept  
  92  5:50  Probe  
  92  5:51  Probe  
  92  5:53  Probe  
  95  5:59  Pylon  
  95  6:03  Probe x2  
  97  6:05  Probe  
  98  6:12  Pylon  
  98  6:14  Observer  
  98  6:15  Probe  
  98  6:17  Sentry  
  98  6:18  Sentry x3  
  106  6:21  Probe  
  106  6:22  Pylon  
  106  6:25  Immortal  
  109  6:28  Gateway  
  109  6:29  Gateway  
  109  6:30  Probe  
  114  6:34  Pylon, Probe x2  
  116  6:41  Gateway  
  116  6:45  Gateway  
  116  6:46  Sentry  
  118  6:47  Sentry x2  
  118  6:51  Probe x2, Immortal  
  118  6:53  Assimilator  
  124  6:57  Assimilator  
  124  7:00  Pylon  
  124  7:03  Probe x2  
  124  7:06  Pylon  
  124  7:07  Sentry  
  132  7:18  Pylon  
  132  7:20  Stalker x3  
  138  7:25  Stalker x2  
  142  7:30  Stalker  
Show
View Real Time Build Order
Export as new Build Order

A.I. 1 (Very Easy) Zerg - Winner!

Build Orders: Pool First 

Get SALT Encoding   

  12  0:00  Drone  
  13  0:12  Overlord  
  13  0:16  Drone  
  14  0:35  Spawning Pool, Extractor  
  13  0:39  Drone  
  13  0:46  Drone  
  14  0:51  Overlord  
  14  1:22  Zergling x2, Queen  
  17  1:33  Roach Warren  
  17  1:37  Drone  
  17  1:40  Extractor  
  17  1:44  Drone  
  17  1:47  Zergling x2  
  18  2:03  Drone  
  19  2:10  Drone  
  19  2:13  Zergling x2  
  21  2:20  Drone  
  22  2:29  Overlord  
  22  2:33  Drone  
  23  2:39  Roach  
  23  2:40  Drone  
  26  2:47  Drone  
  27  4:40  Zergling x2  
  27  5:43  Zergling x2  
  27  5:46  Overlord  
  25  5:56  Queen, Drone  
  21  6:03  Drone  
  7  6:09  Zergling x2  
  7  6:10  Drone  
  5  6:18  Drone  
  5  6:25  Drone  
  5  6:32  Drone  
  5  6:35  Zergling x2  
  5  6:39  Drone  
  5  6:46  Drone  
  5  6:54  Drone  
  3  7:01  Drone  
  4  7:08  Drone  
  4  7:10  Hatchery  
  4  7:15  Drone  
  4  7:32  Hatchery  
Tags
 
Add a new tag
Caveats
  • Supply blocks, unpowered buildings, or Contaminate may cause inaccurate times.
  • Supply counts are checked every 10 seconds.